 Dungeon Crawl Stone Soup version 0.27.1-33-g824d729ab1 (webtiles) character file.

Game seed: 16615207569574770434

34 Atelerd the Digger (level 3, -3/21 HPs)
             Began as an Octopode Earth Elementalist on Dec 21, 2021.
             Slain by Natasha (10 damage)
             ... on level 2 of the Dungeon.
             The game lasted 00:00:50 (2264 turns).

Atelerd the Digger (Octopode Earth Elementalist)    Turns: 2264, Time: 00:00:50

Health: -3/21      AC:  1    Str:  7    XL:     3   Next: 31%
Magic:  4/6        EV: 13    Int: 18    God:
Gold:   90         SH:  0    Dex: 12    Spells: 6/7 levels left

rFire    . . .     SeeInvis .   c - +0 dagger
rCold    . . .     Faith    .   (no shield)
rNeg     . . .     Spirit   .   (helmet restricted)
rPois    .         Reflect  .   (no amulet)
rElec    .         Harm     .   (no ring)
rCorr    .         Rampage  .   (no ring)
Will     .....                  (no ring)
Stlth    +++.......             (no ring)
HPRegen  0.07/turn              (no ring)
MPRegen  0.10/turn              (no ring)
                                (no ring)
                                (no ring)

@: no status effects
A: almost no armour, amphibious, 8 rings, camouflage 1, gelatinous body 1,
(nimble swimmer 1), tentacles
a: no special abilities


You were on level 2 of the Dungeon.
You visited 1 branch of the dungeon, and saw 2 of its levels.

You collected 90 gold pieces.

Inventory:

Hand Weapons
 c - a +0 dagger (weapon)
Missiles
 b - 50 stones
Scrolls
 d - a scroll of identify {unknown}
Potions
 a - 2 potions of curing {unknown}
 e - a potion of degeneration {unknown}
 f - a potion of invisibility {unknown}


   Skills:
 - Level 2.0 Dodging
 - Level 2.6 Stealth
 + Level 2.5 Spellcasting
 + Level 1.9 Transmutations
 + Level 3.4 Earth Magic


You had 6 spell levels left.
You knew the following spells:

 Your Spells              Type           Power      Damage    Failure   Level
a - Sandblast             Erth           28%        2d8       4%          1

Your spell library contained the following spells:

 Spells                   Type           Power      Damage    Failure   Level
 Passwall                 Tmut/Erth      10%        N/A       9%          2
 Stone Arrow              Conj/Erth      16%        3d8       26%         3
 Petrify                  Tmut/Erth      12%        N/A       50%         4


Dungeon Overview and Level Annotations

Branches:
Dungeon (1/15)

Altars:

Annotations:
D:2 Natasha


Innate Abilities, Weirdness & Mutations

You cannot wear most types of armour.
You are amphibious.
You can wear up to eight rings at the same time.
Your skin changes colour to match your surroundings (Stealth+).
Your rubbery body absorbs attacks. (AC +1, EV +1)
((You are camouflaged near water. (Stealth+)))
You have tentacles for arms and can constrict up to eight enemies at once.


Message History

There are monsters nearby!
You are too injured to fight recklessly!
You are too injured to fight recklessly!
There are monsters nearby!
You are too injured to fight recklessly!
You are too injured to fight recklessly!
You are too injured to fight recklessly!
Unknown command.
Casting: Sandblast (safe; 4% risk of failure)
Confirm with . or Enter, or press ? or * to list all spells.
Aiming: Sandblast (safe; 4% risk of failure)
Press: ? - help, Shift-Dir - straight line, f - adder
Aim: an adder (asleep, 100% to hit)
Okay, then.
The helpless adder fails to defend itself.
You puncture the adder! You grab the adder.
The adder is almost dead.
You constrict the adder. The adder misses you. The adder bites you.
* * * LOW HITPOINT WARNING * * *
Casting: Sandblast (safe; 4% risk of failure)
Confirm with . or Enter, or press ? or * to list all spells.
Aiming: Sandblast (safe; 4% risk of failure)
Press: ? - help, Shift-Dir - straight line, f - adder
Aim: an adder (almost dead, constricted by you, 93% to hit)
The blast of sand hits the adder!
You kill the adder!
Natasha closely misses you.
You hit Natasha. You grab Natasha. You squeeze Natasha.
Natasha is heavily wounded.
You constrict Natasha, but do no damage.
Natasha barely misses you.
Casting: Sandblast (safe; 4% risk of failure)
Confirm with . or Enter, or press ? or * to list all spells.
Aiming: Sandblast (safe; 4% risk of failure)
Press: ? - help, Shift-Dir - straight line, f - Natasha
Aim: Natasha (heavily wounded, constricted by you, 95% to hit)
The blast of sand hits Natasha.
Natasha is severely wounded.
You constrict Natasha. Natasha claws you!
You die...

### #.# #.# # #.#
# ###.###.####.##
...............
#.....@h......
##.###.#.##..# #.
#. #.#.##..#
#.###.###.#......
#...........#....
##.........#......
................##
###.###.........##
#.###
................#
......


You could see Natasha.

Vanquished Creatures
  2 adders (D:2)
  2 ball pythons
  A goblin (D:1)
  A hobgoblin (D:2)
  2 jackals (D:2)
  3 bats (D:2)
  A frilled lizard (D:1)
  2 kobolds
  4 rats (D:2)
18 creatures vanquished.

Notes
Turn   | Place    | Note
-------+----------+-------------------------------------------
     0 | D:1      | Atelerd the Octopode Earth Elementalist began the quest for
                  | the Orb.
     0 | D:1      | Reached XP level 1. HP: 11/11 MP: 3/3
   731 | D:1      | Found a faded altar of an unknown god.
  1014 | D:1      | You fall into a shaft and drop 1 floor!
  1041 | D:2      | Reached XP level 2. HP: 1/17 MP: 1/5
  2078 | D:2      | Reached XP level 3. HP: 16/21 MP: 6/6
  2259 | D:2      | Noticed Natasha
  2264 | D:2      | Slain by Natasha

Illustrated notes

Levels and vault maps discovered:
D:1:      eino_arrival_cavern_d, layout_basic,
          shapermc_ecumenical_altar_flowoftime
D:2:      layout_basic, hangedman_decor_growths, uniq_natasha

Action                   || total
-------------------------++-------
Melee: Unarmed           ||    22
       Constrict         ||     8
       Tentacles         ||     4
       Dagger            ||    14
 Cast: Sandblast         ||    17
 Stab: Sleeping          ||     4
Armor: Skin              ||     7
Dodge: Dodged            ||    27
